AoeStats
← betatheking

Hill Fort

505796196Analyzed
2v2 RM · 21d ago on Sep 11, 2026· 77m 50s· 4 players
Game mode
Random Map
Map size
Medium (4 player)
Population
200
Speed
Normal
Resources
Standard
Victory
Conquest
Starting age
Dark Age
Ending age
Imperial Age
RankedLock teamsTeams togetherTeam positionsShared explorationLock speedFull tech treeHidden civsTurbo modeCheats
Victory
Defeat
🇨🇦 Huns · Canada
997
+12
🇨🇦 Teutons · Canada
842
+17
🇺🇸 Persians · United States
958
-17
🇺🇸 Ethiopians · United States
830
-12
Laz Ziya
8:14 Loom
11:04 Feudal Age
16:14 Castle Age
15:18 Double-Bit Axe
15:40 Horse Collar
16:47 Gold Mining
18:42 Scale Barding Armor
19:31 Forging
20:44 Heavy Plow
22:46 Wheelbarrow
26:43 Iron Casting
27:24 Chain Barding Armor
33:31 Hand Cart
33:29 Thumb Ring
33:49 Fletching
33:27 Man-at-Arms
34:51 Bodkin Arrow
35:10 Padded Archer Armor
37:34 Pikeman
39:24 Scale Mail Armor
39:49 Leather Archer Armor
41:30 Chain Mail Armor
41:19 Squires
41:05 Arson
46:36 Imperial Age
44:58 Bow Saw
46:55 Halberdier
48:37 Blast Furnace
50:07 Capped Ram
55:04 Bloodlines
57:34 Plate Barding Armor
56:21 Light Cavalry
58:52 Hussar
59:54 Husbandry
75:16 Long Swordsman
78:10 Two-Man Saw
betatheking
2:43 Loom
14:53 Feudal Age
15:17 Horse Collar
15:25 Double-Bit Axe
15:41 Gold Mining
27:19 Castle Age
26:36 Scale Barding Armor
29:36 Bow Saw
29:29 Heavy Plow
29:23 Stone Mining
30:38 Chain Barding Armor
39:22 Imperial Age
39:27 Cavalier
42:36 Stone Shaft Mining
60:17 Paladin
60:31 Elite Teutonic Knight
73:00 Chemistry
71:51 Heated Shot
72:23 Heavy Scorpion
73:30 Ballistics
Au_Goose
10:20 Feudal Age
12:39 Wheelbarrow
11:57 Double-Bit Axe
11:55 Horse Collar
14:38 Town Watch
20:37 Castle Age
21:50 Hand Cart
21:36 Town Patrol
21:40 Crossbowman
23:07 Squires
23:42 Bow Saw
23:28 Fletching
23:39 Padded Archer Armor
27:57 Town Patrol
32:45 Town Patrol
38:54 Ballistics
39:34 Murder Holes
40:59 Husbandry
41:16 Elite Skirmisher
42:02 Thumb Ring
42:17 Gold Mining
42:19 Stone Mining
47:53 Imperial Age
49:16 Royal Heirs
50:42 Arbalester
52:34 Two-Man Saw
52:03 Heavy Plow
53:47 Bodkin Arrow
54:21 Halberdier
56:37 Bracer
56:53 Leather Archer Armor
59:30 Conscription
61:01 Ring Archer Armor
65:52 Chemistry
jackknife06
7:41 Loom
10:20 Feudal Age
11:07 Double-Bit Axe
11:07 Horse Collar
18:49 Castle Age
17:21 Stone Mining
19:00 Wheelbarrow
18:53 Scale Barding Armor
22:10 Husbandry
22:22 Bloodlines
23:32 Bow Saw
24:08 Stone Shaft Mining
27:08 Gold Mining
29:27 Chain Barding Armor
35:14 Imperial Age
33:29 Forging
36:09 Iron Casting
35:00 Cavalier
37:45 Plate Barding Armor
39:46 Savar
43:39 Blast Furnace
44:28 Gold Shaft Mining
45:26 Two-Man Saw
51:27 Heavy Plow
Connection lost

Rejoining the realm…

Still unreachable

The connection could not be restored.

Session expired

The server has moved on; the page needs a fresh start.